 Dungeon Crawl Stone Soup version 0.21-a0-401-g0b6bec4 (webtiles) character file.

411 Mesmodan the Poker (level 6, -1/55 HPs)
             Began as a Minotaur Fighter on Oct 24, 2017.
             Was a Believer of Trog.
             Killed by divine providence
             ... invoked by an orc priest
              (12 damage)
             ... on level 3 of the Dungeon.
             The game lasted 00:42:23 (1213 turns).

Mesmodan the Poker (Minotaur Fighter)               Turns: 1213, Time: 00:42:24

Health: -1/55      AC:  7    Str: 21    XL:     6   Next: 58%
Magic:  5/5        EV:  8    Int:  5    God:    Trog [**....]
Gold:   57         SH: 10    Dex: 11    Spells: 5/5 levels left

rFire    . . .     SeeInvis .   a - +0 trident
rCold    . . .     Gourm    .   c - +0 shield
rNeg     . . .     Faith    .   b - +0 scale mail
rPois    .         Spirit   .   (helmet restricted)
rElec    .         Reflect  .   (no cloak)
rCorr    .         Harm     .   (no gloves)
MR       .....                  (no boots)
Stlth    ..........             (no amulet)
HPRegen  0.18/turn              (no ring)
MPRegen  0.09/turn              (no ring)

@: lethally poisoned (-1 -> -2), berserk cooldown, slowed, very slow
A: retaliatory headbutt, horns 2
a: Berserk, Trog's Hand, Burn Spellbooks, Renounce Religion


You were on level 3 of the Dungeon.
You worshipped Trog.
Trog was pleased with you.
You were not hungry.

You visited 1 branch of the dungeon, and saw 3 of its levels.

You collected 57 gold pieces.

Inventory:

Hand Weapons
 a - a +0 trident (weapon)
 i - a +2 dagger of venom
 m - a +0 hand axe
 w - a +4 dagger of draining
 x - a +0 scythe
 z - a +0 hunting sling
 B - a +0 dagger
 C - a +0 hunting sling
Missiles
 k - 52 stones (quivered)
 n - 7 poisoned needles
 q - 13 arrows
Armour
 b - a +0 scale mail (worn)
 c - a +0 shield (worn)
 e - a +0 scale mail
Wands
 s - a wand of digging (7/24)
Scrolls
 h - 2 scrolls of teleportation {unknown}
 l - a scroll of recharging {unknown}
 A - a scroll of enchant weapon {unknown}
 F - a scroll of magic mapping {unknown}
Potions
 d - a potion of might
 j - 2 potions of mutation {unknown}
 o - 2 potions of curing {unknown}
 r - a potion of brilliance {unknown}
 D - 3 potions of haste {unknown}
 G - a potion of agility {unknown}
Comestibles
 f - a bread ration
 g - 14 chunks of flesh
 E - a meat ration


   Skills:
 * Level 4.8 Fighting
 + Level 6.2 Polearms
 + Level 4.7 Armour
 + Level 1.0 Dodging
 * Level 5.0 Shields


You had 5 spell levels left.
You didn't know any spells.

Dungeon Overview and Level Annotations

Branches:
Dungeon (3/15)

Altars:
Trog


Innate Abilities, Weirdness & Mutations

You reflexively headbutt those who attack you in melee.
You have a pair of horns on your head.


Message History

You block the orc's attack.
An orc comes into view. It is wielding a club.
You hit the orc. You headbutt the orc, but do no damage.
The orc is heavily wounded.
You block the orc's attack.
The orc priest shouts!
You hit the orc.
You kill the orc!
Trog accepts your kill.
You feel sick.
You barely miss the orc. The orc hits you but does no damage.
You completely miss the orc. Your headbutt misses the orc.
The orc priest looks satisfied for a moment.
You block the orc's attack. x2
You hit the orc.
The orc is moderately wounded.
You feel sick.
The orc priest mumbles some strange prayers to Beogh against you.
Beogh smites you!
You die...

# .. .# #.### #.# ... ..#
#.... ##+# #.# #.# #.#
##### ##...##.# #.# #.# #.
#.....#.#####.# #.# #.
..............###.## #.
........####...#...#######>
........oo@................
........####........)#####.
.......## ##........# #.
#...... #........# #.
##...#. ##......## #.
#..##. ##....## ## #.. #.
#.#### #> .. ...# # .. ####


You could see an orc priest and an orc.

Vanquished Creatures
  Sigmund (D:2)
  An orc priest (D:3)
  Jessica (D:3)
  An orc wizard (D:3)
  Ijyb (D:2)
  Natasha (thrice) (D:3)
  2 adders (D:3)
  A worm (D:3)
  4 dart slugs
  4 orcs (D:3)
  13 goblins
  A hobgoblin (D:1)
  2 jackals (D:3)
  4 kobolds
  A ball python (D:1)
  3 bats
  A frilled lizard (D:1)
  A rat (D:1)
  A plant (D:2)
46 creatures vanquished.

Notes
Turn   | Place    | Note
-------+----------+-------------------------------------------
     0 | D:1      | Mesmodan the Minotaur Fighter began the quest for the Orb.
     0 | D:1      | Reached XP level 1. HP: 19/19 MP: 0/0
   143 | D:1      | Reached XP level 2. HP: 27/27 MP: 1/1
   295 | D:2      | Reached skill level 3 in Polearms
   339 | D:2      | Found a faded altar of an unknown god.
   354 | D:2      | Became a worshipper of Trog the Wrathful
   354 | D:2      | Reached * piety under Trog
   474 | D:2      | Noticed Ijyb
   497 | D:2      | Killed Ijyb
   497 | D:2      | Reached XP level 3. HP: 30/33 MP: 2/2
   609 | D:2      | Noticed Sigmund
   623 | D:2      | Killed Sigmund
   623 | D:2      | Reached skill level 5 in Polearms
   623 | D:2      | Reached XP level 4. HP: 22/41 MP: 3/3
   623 | D:2      | Reached XP level 5. HP: 25/47 MP: 4/4
   753 | D:3      | Noticed Natasha
   760 | D:3      | Killed Natasha
   785 | D:3      | Noticed Jessica
   785 | D:3      | Noticed Natasha
   789 | D:3      | Killed Natasha
   789 | D:3      | Reached XP level 6. HP: 21/53 MP: 5/5
   790 | D:3      | Killed Jessica
  1127 | D:3      | Reached skill level 1 in Dodging
  1146 | D:3      | Reached ** piety under Trog
  1171 | D:3      | Noticed Natasha
  1178 | D:3      | Reached skill level 6 in Polearms
  1181 | D:3      | Reached skill level 5 in Shields
  1188 | D:3      | Killed Natasha
  1213 | D:3      | Killed from afar by an orc priest

Vault maps used:
D:1:      onia_arrival_pyramid
D:2:      kennysheep_the_goblin_king, grunt_temple_overflow_open,
          chequers_ecumenical_altar_lobes, minmay_misc_feat_rugged, uniq_sigmund
D:3:      uniq_ijyb, uniq_jessica, uniq_natasha

Skill      XL: |  1  2  3  4  5  6 |
---------------+-------------------+-----
Shields        | 4 5 |  5.0
Polearms       | 3 5 6 |  6.2
Fighting       | 4 |  4.8
Armour         | 4 |  4.7
Dodging        | 1 |  1.0

Action                   |  1- 3 |  4- 6 || total
-------------------------+-------+-------++-------
Melee: Trident           |   102 |    65 ||   167
       Headbutt          |    20 |     7 ||    27
Invok: Berserk           |     1 |     1 ||     2
       Trog's Hand       |       |     1 ||     1
  Eat: Bread ration      |       |     1 ||     1
Armor: Scale mail        |    27 |    26 ||    53
Dodge: Dodged            |     9 |    11 ||    20
Block: Shield            |    29 |    20 ||    49

Table legend:
 A = Spawn XP
 B = Non-spawn XP
 C = Spawn XP percentage of total XP
 D = Spawn monster count
 E = Non-spawn monster count
 F = Spawn count percentage of total count
 G = Total turns spent on level
                    A         B        C        D         E        F      G
               +---------+---------+-------+---------+---------+-------+---------
         Total |       0 |     588 |   0.0 |       0 |      45 |   0.0 |  1213
               +---------+---------+-------+---------+---------+-------+---------
           D:1 |       0 |      22 |   0.0 |       0 |      13 |   0.0 |   259
           D:2 |       0 |     296 |   0.0 |       0 |      16 |   0.0 |   484
           D:3 |       0 |     270 |   0.0 |       0 |      16 |   0.0 |   470
               +---------+---------+-------+---------+---------+-------+---------
